 Dungeon Crawl Stone Soup version 0.29-a0-1047-g7c58e119a4 (webtiles) character file.

Game seed: 2480471059227956460

21988 Newt the Thrower (level 12, -6/92 HPs)
             Began as a Demonspawn Gladiator on Aug 16, 2022.
             Was a High Priest of Dithmenos.
             Shot with an arrow by a centaur warrior (11 damage)
             ... on level 13 of the Dungeon.
             The game lasted 00:43:49 (12463 turns).

Newt the Thrower (Demonspawn Gladiator)            Turns: 12463, Time: 00:43:50

Health: -6/92      AC:  8    Str: 20    XL:     12   Next: 59%
Magic:  18/18      EV: 18    Int: 12    God:    Dithmenos [*****.]
Gold:   626        SH:  0    Dex: 15    Spells: 11/11 levels left

rFire   + . .      SeeInvis +   J - +6 flail of Rimuadiush {protect, rF+ rN+ Int-3}
rCold   . . .      Faith    .   (no shield)
rNeg    + . .      Spirit   .   x - +0 troll leather armour
rPois   +          Reflect  .   c - +0 helmet
rElec   +          Harm     .   B - +1 cloak
rCorr   .          Rampage  .   (gloves unavailable)
Will    +++..      Clarity  +   (no boots)
Stlth   ++++......              Q - amulet of Sif Muna's Respect {rElec Regen+}
HPRegen 1.85/turn               k - ring of poison resistance
MPRegen 0.32/turn               A - ring of Liqillo {*Corrode Will+++ EV+4 SInv Stlth+}

@: wreathed by umbra, studying Throwing
A: claws 3, foul stench 1, magic regeneration, big brain 3, hooves 1, clarity
a: Renounce Religion, Shadow Step, Shadow Form


You were on level 13 of the Dungeon.
You worshipped Dithmenos.
Dithmenos was extremely pleased with you.
You visited 2 branches of the dungeon, and saw 14 of its levels.
You also visited: Sewer and Bailey.

You collected 626 gold pieces.

Inventory:

Hand Weapons
 a - a +0 rapier
 b - a +0 sling
 C - a +2 vorpal flail
 E - a +0 short sword of freezing
 F - a +0 hand axe of electrocution
 J - the +6 flail of Rimuadiush (weapon) {protect, rF+ rN+ Int-3}
   (You found it on level 7 of the Dungeon)

   It grants its wielder temporary protection when it strikes (+7 to AC).
   Int:       It affects your intelligence (-3).
   rF:        It protects you from fire.
   rN:        It protects you from negative energy.
 K - a +5 flail
 U - a +2 vorpal double sword
Missiles
 e - 5 javelins
 f - 5 boomerangs
 h - 146 stones
 v - 9 poisoned darts (quivered)
Armour
 c - a +0 helmet (worn)
 n - a +0 ring mail
 r - a +0 leather armour
 t - +0 steam dragon scales
 u - a +0 chain mail
 x - a +0 troll leather armour (worn)
 B - a +1 cloak (worn)
 N - a +3 leather armour of cold resistance
 R - a +2 cloak of poison resistance
Jewellery
 k - a ring of poison resistance (left claw)
 m - an amulet of regeneration
 w - a ring of poison resistance
 A - the ring of Liqillo (right claw) {*Corrode Will+++ EV+4 SInv Stlth+}
   (You acquired it on level 9 of the Dungeon)

   [ring of evasion]

   EV:        It affects your evasion (+4).
   SInv:      It lets you see invisible.
   *Corrode:  It may corrode you when you take damage.
   Will:      It greatly increases your willpower.
   Stlth:     It makes you more stealthy.
 P - a ring of wizardry
 Q - the amulet of Sif Muna's Respect (around neck) {rElec Regen+}
   (You found it in a bailey)

   [amulet of regeneration]

   rElec:     It insulates you from electricity.
   Regen:     It increases your rate of health regeneration.
 S - a ring of ice
 W - an amulet of faith
Wands
 O - a wand of charming (15)
 V - a wand of mindburst (2)
 Y - a wand of flame (6)
Scrolls
 g - 2 scrolls of amnesia
 p - 2 scrolls of immolation
 s - 2 scrolls of enchant armour
 y - a scroll of teleportation
 z - 2 scrolls of torment
 H - a scroll of blinking
 L - a scroll of silence
 X - a scroll of vulnerability {unknown}
 Z - a scroll of identify
Potions
 i - 4 potions of magic
 j - 2 potions of mutation
 o - 3 potions of heal wounds
 q - 2 potions of attraction
 D - 3 potions of flight
 G - 5 potions of curing
 I - 2 potions of brilliance
 M - a potion of invisibility
 T - a potion of cancellation


   Skills:
 - Level 8.0 Fighting
 - Level 4.0 Short Blades
 - Level 3.9(7.3) Axes
 - Level 9.6(10.0) Maces & Flails
 - Level 10.0 Throwing
 - Level 6.0 Armour
 - Level 6.0 Dodging
 - Level 2.0 Stealth
 - Level 8.0 Invocations
 + Level 6.8 Evocations


You had 11 spell levels left.
You didn't know any spells.
Your spell library contained the following spells:

 Spells                   Type           Power      Damage    Failure   Level
 Apportation              Tloc           0%         N/A       16%         1
 Necrotise                Necr           0%         1d4       16%         1
 Summon Small Mammal      Summ           0%         N/A       16%         1
 Static Discharge         Conj/Air       0%         3-3/arc   22%         2
 Gell's Gravitas          Tloc           0%         N/A       41%         3
 Lesser Beckoning         Tloc           0%         N/A       41%         3
 Ozocubu's Armour         Ice            0%         N/A       41%         3
 Teleport Other           Tloc           0%         N/A       41%         3
 Alistair's Intoxication  Tmut/Pois      0%         N/A       98%         5
 Borgnjor's Vile Clutch   Necr/Erth      0%         N/A       98%         5
 Lightning Bolt           Conj/Air       0%         1d11      98%         5
 Eringya's Noxious Bog    Tmut/Pois      0%         N/A       100%        6
 Ozocubu's Refrigeration  Ice            0%         4d7       100%        7
 Maxwell's Capacitive Co  Air            0%         ∞         100%        8


Dungeon Overview and Level Annotations

Branches:
Dungeon (13/15)            Temple (1/1) D:4            Lair (0/5) D:8
    Orc (0/2) D:11          Sewer (visited)          Bailey (visited)
 Vaults: D:13-14

Altars:
Ashenzari
Cheibriados
Dithmenos
Fedhas
Gozag
Hepliaklqana
Kikubaaqudgha
Makhleb
Nemelex Xobeh
Okawaru
Qazlal
Sif Muna
Trog
Uskayaw
Vehumet
Wu Jian
Xom
Yredelemnul

Shops:
D:2 [   D:4 [   D:6 :

Annotations:
D:5 flotson's ghost, weakling DsDe
D:12 1 runed translucent door


Innate Abilities, Weirdness & Mutations

You have claws for hands.
You may rarely emit foul miasma when damaged in melee.
You regenerate magic rapidly.
You have an absolutely massive brain. (Int +6, Wiz)
You have large cloven feet.
You possess an exceptional clarity of mind.


Message History

Aiming: Mindburst
Press: ? - help, Q - select action, (/) - cycle Shift-Dir - straight line, f/p - death knight
Aim: a death knight, wielding a +0 glaive and wearing a +0 chain mail (heavily wounded, entangled in a net, extremely poisoned, umbra, chance to affect: 37%)
The death knight's mind is blasted!
The death knight struggles against the net.
The centaur warrior unwields a +0 longbow.
The centaur warrior closely misses you.
The centaur warrior kicks you but does no damage.
The centaur warrior attacks as you move away!
The centaur warrior hits you but does no damage.
The centaur warrior kicks you.
An unseen horror comes into view.
The centaur warrior wields a +0 longbow.
The centaur warrior shoots an arrow.
The arrow closely misses you.
The death knight struggles against the net.
The unseen horror moves out of view.
The centaur warrior shoots an arrow.
The arrow completely misses you.
Unknown command.
The centaur warrior shouts!
You hear two shouts!
The centaur warrior unwields a +0 spear.
The centaur warrior wields a +0 longbow.
The centaur warrior shoots an arrow.
The arrow hits you!!
The centaur warrior shoots an arrow.
The arrow hits you!!
You see here a +0 leather armour.
Throw: 10 darts (poison)
Press: ? - help, Q - select action, (/) - cycle Shift-Dir - straight line, f/p - death knight
Aim: a death knight, wielding a +0 glaive and wearing a +0 chain mail (almost dead, very poisoned, umbra, 68% to hit)
You throw a poisoned dart.
The poisoned dart completely misses the death knight.
The centaur warrior shoots an arrow.
The arrow hits you!!
* * * LOW HITPOINT WARNING * * *
The centaur warrior shoots an arrow.
The arrow hits you.
* * * LOW HITPOINT WARNING * * *
You hear a shout!
You feel much better.
The centaur warrior shoots an arrow.
The arrow hits you!!
* * * LOW HITPOINT WARNING * * *
The death knight hits you from afar with a +0 glaive!
* * * LOW HITPOINT WARNING * * *
The centaur warrior shoots an arrow.
The arrow hits you!
You die...

##.#.
.............((......
............c...☼(........
#.....#.#......##.c.......
#...#.....#....##.........
#......#......###.........
#..#.#...#.#..#.().##.....
#......_......#c######....
#..#.#..x#.#..#.# #......
#......#.@...)#)# ##.....
#...#.....#p.)))# ##.#..
##....#.#...(.(## ###..
##.......c.#### ##.
##.......## ## #########


You could see a death knight (very poisoned), 2 centaur warriors and an unseen
horror (invisible).

Vanquished Creatures
  Gastronok (D:9)
  Kirke (D:11)
  Azrael (D:13)
  A hydra (D:13)
  2 centaur warriors (D:13)
  A two-headed ogre (D:11)
  Urug (D:10)
  An ugly thing (D:10)
  2 cyclopes (D:12)
  Joseph (D:7)
  Maurice (D:10)
  A gargoyle (Bailey)
  3 unseen horrors
  Psyche (D:10)
  4 kobold demonologists (D:12)
  A komodo dragon (shapeshifter) (D:13)
  6 trolls
  A hornet (D:8)
  3 vampires
  2 wyverns
  3 wraiths
  2 fire elementals (D:13)
  10 yaks
  2 hogs (D:11)
  3 steam dragons
  5 vampire mosquitoes (D:11)
  2 acid dragons
  A water moccasin (D:7)
  3 hell hounds (D:13)
  A swamp drake (D:11)
  4 orc warriors
  An ogre (D:5)
  2 phantoms
  8 centaurs
  4 kobold brigands
  A bullfrog (D:8)
  2 necrophages
  2 gnoll sergeants
  A scorpion (D:5)
  22 wights
  8 killer bees (D:10)
  2 electric eels
  5 wolf zombies (Bailey)
  9 vampire bats (Bailey)
  2 howler monkeys
  16 orc priests
  2 hounds (D:6)
  3 jellies
  4 iguanas
  11 orc wizards
  10 gnolls
  7 adders
  3 river rats (Sewer)
  3 shadow imps
  An ufetubus (D:7)
  3 worms
  5 dart slugs
  55 orcs
  11 ball pythons
  12 endoplasms
  9 giant cockroaches
  12 goblins
  11 hobgoblins
  A jackal (Sewer)
  17 kobolds
  8 quokkas
  5 bats (D:1)
  A frilled lizard (D:3)
  20 orc zombies (Bailey)
  6 rats
376 creatures vanquished.

Vanquished Creatures (others)
  A gnoll (D:5)
  16 plants
17 creatures vanquished.

Grand Total: 393 creatures vanquished

Notes
Turn   | Place    | Note
-------+----------+-------------------------------------------
     0 | D:1      | Newt the Demonspawn Gladiator began the quest for the Orb.
     0 | D:1      | Reached XP level 1. HP: 16/16 MP: 1/1
   270 | D:1      | Reached skill level 1 in Stealth
   465 | D:1      | Gained mutation: You have sharp fingernails. [demonic
                  | ancestry]
   465 | D:1      | Reached XP level 2. HP: 19/22 MP: 2/2
   730 | D:1      | HP: 1/22 [dart slug/slug dart (5)]
  1217 | D:1      | Gained mutation: You have very sharp fingernails. [demonic
                  | ancestry]
  1217 | D:1      | Reached XP level 3. HP: 27/27 MP: 3/3
  1633 | D:2      | Found a broken altar of Ashenzari.
  1758 | D:2      | Reached XP level 4. HP: 33/33 MP: 4/4
  2072 | D:2      | Found Alo Weik's Antique Armour Shop.
  2371 | D:3      | Gained mutation: You have claws for hands. [demonic
                  | ancestry]
  2371 | D:3      | Reached XP level 5. HP: 25/41 MP: 5/5
  2695 | D:3      | Found an ancient bone altar of Kikubaaqudgha.
  2755 | D:3      | Found a broken altar of Ashenzari.
  2855 | D:3      | Found a hazy altar of Hepliaklqana.
  3049 | D:3      | Found a faded altar of an unknown god.
  3450 | D:4      | Reached skill level 2 in Throwing
  3476 | D:4      | Noticed a phantom
  3520 | D:4      | Killed a phantom
  3521 | D:4      | Reached skill level 3 in Throwing
  3521 | D:4      | Gained mutation: You have an unusually large brain. (Int
                  | +2) [demonic ancestry]
  3521 | D:4      | Reached XP level 6. HP: 36/48 MP: 6/6
  3562 | D:4      | Found Baidit's Antique Armour Emporium.
  3673 | D:4      | Found a shadowy altar of Dithmenos.
  3784 | D:4      | Reached skill level 4 in Throwing
  3898 | D:4      | Found a staircase to the Ecumenical Temple.
  4020 | Temple   | Entered the Ecumenical Temple
  4244 | D:4      | Became a worshipper of Dithmenos the Shadowed
  4272 | D:5      | Entered Level 5 of the Dungeon
  4318 | D:4      | HP: 2/48 [orc priest/+2 vorpal flail (1)]
  4393 | D:5      | Reached skill level 5 in Throwing
  4393 | D:5      | Reached XP level 7. HP: 17/54 MP: 7/7
  4483 | D:5      | Found an iron altar of Okawaru.
  4532 | D:5      | Found a glowing drain.
  4548 | Sewer    | Entered a sewer
  4708 | Sewer    | Reached skill level 5 in Fighting
  4708 | Sewer    | Reached skill level 1 in Maces & Flails
  4753 | Sewer    | Reached * piety under Dithmenos
  4886 | D:5      | Found a transporter.
  4907 | D:5      | Identified the +5 trident "Ekko" {venom, Str+5}
  4907 | D:5      | Identified the +0 scale mail of Unreason {rN+ Will+ Dex+2
                  | SInv}
  5031 | D:5      | Reached skill level 1 in Axes
  5118 | D:5      | Found a transporter.
  5129 | D:5      | Noticed flotson's ghost (weakling DsDe)
  5388 | D:6      | Gained mutation: You regenerate magic rapidly. [demonic
                  | ancestry]
  5388 | D:6      | Reached XP level 8. HP: 39/62 MP: 8/8
  5427 | D:6      | Found Uceokh's Tremendous Tomes.
  5987 | D:7      | Identified the +6 flail of Rimuadiush {protect, rF+ rN+
                  | Int-3}
  6098 | D:7      | Noticed Joseph
  6113 | D:7      | Killed Joseph
  6113 | D:7      | Reached ** piety under Dithmenos
  6114 | D:7      | Reached skill level 5 in Maces & Flails
  6284 | D:7      | Reached skill level 6 in Throwing
  6443 | D:7      | Reached XP level 9. HP: 64/67 MP: 9/9
  6550 | D:7      | Reached skill level 7 in Throwing
  6750 | D:7      | Found a shimmering blue altar of Sif Muna.
  6949 | D:8      | Found an ornate altar of the Wu Jian Council.
  7006 | D:8      | Reached skill level 8 in Throwing
  7148 | D:8      | Reached skill level 5 in Armour
  7264 | D:8      | Gained mutation: You may rarely emit foul miasma when
                  | damaged in melee. [demonic ancestry]
  7264 | D:8      | Reached XP level 10. HP: 69/74 MP: 10/10
  7487 | D:8      | Found a staircase to the Lair.
  8061 | D:9      | Identified a scroll of acquirement
  8061 | D:9      | Acquired the ring of Liqillo {*Corrode Will+++ EV+4 SInv
                  | Stlth+}
  8078 | D:9      | Reached *** piety under Dithmenos
  8302 | D:9      | Noticed Gastronok
  8336 | D:9      | Killed Gastronok
  8337 | D:9      | Reached skill level 5 in Dodging
  8474 | D:9      | Reached skill level 9 in Throwing
  8523 | D:9      | Found a flagged portal.
  8546 | Bailey   | Entered a bailey
  8618 | Bailey   | Noticed a gargoyle
  8628 | Bailey   | Killed a gargoyle
  8629 | Bailey   | Reached skill level 10 in Throwing
  8705 | Bailey   | Identified the amulet of Sif Muna's Respect {rElec Regen+}
  8842 | Bailey   | Reached **** piety under Dithmenos
  9186 | D:7      | Gained mutation: You have an extremely huge brain. (Int +4)
                  | [demonic ancestry]
  9186 | D:7      | Reached XP level 11. HP: 71/79 MP: 11/11
  9232 | D:10     | Entered Level 10 of the Dungeon
  9257 | D:10     | Gained mutation: You are weak. (Str -2) [potion of
                  | mutation]
  9257 | D:10     | Gained mutation: Your flesh is heat resistant. (rF+)
                  | [potion of mutation]
  9258 | D:10     | Lost mutation: Your flesh is heat resistant. (rF+) [potion
                  | of mutation]
  9258 | D:10     | Lost mutation: You are weak. (Str -2) [potion of mutation]
  9258 | D:10     | Gained mutation: You have large cloven feet. [potion of
                  | mutation]
  9258 | D:10     | Gained mutation: Your muscles are strong. (Str +4, Int/Dex
                  | -1) [potion of mutation]
  9258 | D:10     | Lost mutation: Your muscles are strong. (Str +4, Int/Dex
                  | -1) [potion of mutation]
  9258 | D:10     | Gained mutation: You possess an exceptional clarity of
                  | mind. [potion of mutation]
  9502 | D:10     | Found a snail-covered altar of Cheibriados.
  9522 | D:10     | Reached ***** piety under Dithmenos
 10416 | D:11     | Noticed Psyche
 10418 | D:11     | Noticed Maurice
 10422 | D:11     | Noticed Urug
 10481 | D:10     | Killed Psyche
 10494 | D:10     | Killed Urug
 10509 | D:10     | Killed Maurice
 10522 | D:11     | Noticed a white ugly thing
 10542 | D:10     | Killed a white ugly thing
 10665 | D:11     | Found a staircase to the Orcish Mines.
 10675 | D:11     | Noticed a skeletal warrior
 11345 | D:12     | Noticed Kirke
 11387 | D:12     | Noticed a two-headed ogre
 11401 | D:11     | Killed Kirke
 11416 | D:11     | Killed a two-headed ogre
 11501 | D:11     | Noticed a skeletal warrior
 11587 | D:12     | Reached skill level 5 in Invocations
 11587 | D:12     | Gained mutation: You have an absolutely massive brain. (Int
                  | +6, Wiz) [demonic ancestry]
 11587 | D:12     | Reached XP level 12. HP: 87/92 MP: 15/15
 11838 | D:12     | Reached skill level 1 in Evocations
 12022 | D:12     | Found a runed translucent door.
 12202 | D:13     | Noticed a five-headed hydra
 12217 | D:13     | Killed a five-headed hydra
 12261 | D:13     | Found a radiant altar of Vehumet.
 12276 | D:13     | Noticed a centaur warrior
 12312 | D:13     | Killed a centaur warrior
 12320 | D:13     | Reached skill level 5 in Evocations
 12350 | D:13     | Noticed a centaur warrior
 12378 | D:13     | Noticed Azrael
 12379 | D:13     | Killed a centaur warrior
 12394 | D:13     | Killed Azrael
 12437 | D:13     | Noticed a death knight
 12443 | D:13     | Noticed a centaur warrior
 12452 | D:13     | Noticed a centaur warrior
 12463 | D:13     | Shot with an arrow by a centaur warrior

Illustrated notes

Levels and vault maps discovered:
D:1:      eino_arrival_cavern_e, layout_loops_ring,
          minmay_misc_feat_more_columns, minmay_tromino_i4
D:2:      layout_loops_ring, basic_altar, serial_shops,
          nicolae_shop_hallway_plus
D:3:      wad_lake_hut, layout_loops_ring, lemuel_crystal_altar,
          mainiacjoe_overflow_catch_the_wave, dilly_ecumenical_altar_fadedgnrine
D:4:      layout_loops_cross, grunt_dithmenos_smoke, lemuel_temple_firewalk_b,
          serial_shops, nicolae_diamond_shop, minmay_misc_feat_nine_boxes,
          minmay_crossroads
D:5:      layout_cave_pools, mainiacjoe_overflow_cross_hatched,
          gup_sewer_entry_pipe, gammafunk_ghost_gnarly_gnolls
D:6:      layout_rooms, nicolae_shop_i_like_big_books
D:7:      layout_loops_ring, led_sif_pool, nicolae_fountain_basement,
          uniq_joseph
D:8:      layout_rooms, nicolae_elyvilon_temple_path,
          lemuel_coloured_pillars_altar, kennysheep_minor_cross,
          corexii_corridor_pit
D:9:      layout_basic, nicolae_ru_sacrificial_ziggurat, enter_bailey_3,
          serial_bayou_pond_b, minmay_fractal_squares_diagonal_5, uniq_gastronok
D:10:     layout_layer_cave, mainiacjoe_overflow_catwalk_spiral
D:11:     layout_roguey, erik_orc_1, uniq_urug, uniq_maurice, uniq_psyche
D:12:     cheibrodos_shockbox, layout_gridville, uniq_kirke
D:13:     minmay_the_grid_octo_2x2 [minmay_the_grid_octo_fan_narrow,
          minmay_the_grid_octo_horde, minmay_the_grid_octo_clover,
          minmay_the_grid_octo_prize_big_c], layout_cave_pools, erik_vaults_2,
          nicolae_vehumet_radiance, uniq_azrael
Temple:   nicolae_temple_ecumenical_triangle

Skill      XL: |  1  2  3  4  5  6  7  8  9 10 11 12 |
---------------+-------------------------------------+-----
Stealth        | 1 2 |  2.0
Short Blades   | 3 4 |  4.0
Fighting       | 3 4 5 8 |  8.0
Throwing       | 3 5 6 8 10 | 10.0
Maces & Flails | 2 5 7 9 |  9.6
Axes           | 2 3 |  3.9
Armour         | 5 6 |  6.0
Dodging        | 6 |  6.0
Invocations    | 5 8 |  8.0
Evocations     | 6 |  6.8

Action                   |  1- 3 |  4- 6 |  7- 9 | 10-12 || total
-------------------------+-------+-------+-------+-------++-------
Melee: Rapier            |   152 |   263 |   201 |       ||   616
       Punch             |       |     3 |     6 |    13 ||    22
       Hand axe          |       |       |    54 |       ||    54
       Short sword       |       |       |    27 |       ||    27
       Flail             |       |       |   215 |   671 ||   886
       Kick              |       |       |       |   132 ||   132
 Fire: Sling             |       |    52 |       |       ||    52
Throw: Throwing net      |     1 |       |     1 |     2 ||     4
       Boomerang         |       |     2 |    38 |    70 ||   110
       Javelin           |       |       |       |    21 ||    21
       Dart              |       |       |       |    23 ||    23
Evoke: Wand              |       |       |       |     2 ||     2
  Use: Scroll            |     2 |     2 |     8 |    10 ||    22
       Potion            |       |     2 |       |    12 ||    14
 Stab: Sleeping          |     6 |     1 |       |     3 ||    10
       Invisible         |       |       |       |     2 ||     2
       Distracted        |       |       |       |     2 ||     2
Armor: Leather armour    |    47 |    15 |       |       ||    62
       Chain mail        |       |   106 |   263 |   242 ||   611
       Troll leather arm |       |       |       |   134 ||   134
Dodge: Dodged            |   102 |   100 |   185 |  1043 ||  1430

Table legend: (Time is in decaauts)
 A = Elapsed time spent in this place.
 B = Non-inter-level travel time spent in this place.
 C = Inter-level travel time spent in this place.
 D = Time resting spent in this place.
 E = Time spent auto-exploring this place.
 F = Levels seen in this place.
 G = Mean time per level.
                   A        B        C        D        E       F      G
               +--------+--------+--------+--------+--------+-----+--------+
         Total |  12609 |  11816 |    793 |   1442 |   6710 |  16 |  788.1 |
       Dungeon |  11792 |  11017 |    775 |   1403 |   6406 |  13 |  907.1 |
        Temple |     43 |     25 |     18 |      0 |     18 |   1 |   43.0 |
         Sewer |    313 |    313 |      0 |      6 |    120 |   1 |  313.0 |
        Bailey |    459 |    459 |      0 |     33 |    166 |   1 |  459.0 |
               +--------+--------+--------+--------+--------+-----+--------+

Top non-repeatable levels by time:
     D:1: 1634 daAuts
    D:10: 1168 daAuts
     D:8: 1155 daAuts
     D:4: 1107 daAuts
    D:11: 1058 daAuts
     D:3: 1044 daAuts
     D:7: 972 daAuts
     D:5: 968 daAuts
     D:6: 715 daAuts
    D:12: 670 daAuts
     D:2: 575 daAuts
  Bailey: 459 daAuts
     D:9: 416 daAuts
   Sewer: 313 daAuts
    D:13: 304 daAuts
